 Dungeon Crawl Stone Soup version 0.15-a0-773-g3a4c672 (webtiles) character file.

30 4tharraofdagon the Insei (level 3, 0/31 HPs)
             Began as a Naga Transmuter on May 13, 2014.
             Slain by an orc
             ... wielding a +0,+0 hand axe
              (2 damage)
             ... on Level 3 of the Dungeon.
             The game lasted 00:01:55 (289 turns).

4tharraofdagon the Insei (Naga Transmuter)           Turns: 289, Time: 00:01:55

HP   0/31        AC  2     Str 12      XL: 3   Next: 20%
MP   6/6         EV 10     Int 13      God:
Gold 8           SH  0     Dex 12      Spells:  1 memorised,  5 levels left

rFire  . . .     SeeInvis +       - Unarmed
rCold  . . .     Clarity  +     c - +0 robe
rNeg   . . .     Conserve .     (no shield)
rPois  +         rCorr    .     (no helmet)
rElec  .         rRot     .     (no cloak)
SustAb . .       Spirit   .     (no gloves)
rMut   .         Warding  .     (no barding)
Gourm  .         Stasis   .     i - amulet of clarity
MR     .....                    (no ring)
                                (no ring)

@: very slightly contaminated, hasted, quick, not resistant to hostile
enchantments, very unstealthy
A: spit poison, see invisible, deformed body, poison resistance, slowness 2, AC
+1
a: Spit Poison


You were on level 3 of the Dungeon.
You were not hungry.

You visited 1 branch of the dungeon, and saw 3 of its levels.

You collected 8 gold pieces.

Inventory:

Missiles
 b - 12 arrows
 e - 23 darts (quivered)
Armour
 c - a +0 robe (worn)
Magical devices
 l - a wand of hasting (3)
Comestibles
 a - a bread ration
 f - an apricot
Scrolls
 g - a scroll of enchant armour {unknown}
 j - 2 scrolls of fear {unknown}
 m - a scroll of enchant weapon II {unknown}
Jewellery
 i - an amulet of clarity (around neck)
Books
 d - a book of Changes

   Spells                             Type                      Level
   *Beastly Appendage                 Transmutation                1
   Sticks to Snakes                   Transmutation                2
   Spider Form                        Transmutation/Poison         3
   Ice Form                           Ice/Transmutation            4
   Blade Hands                        Transmutation                5
 k - a book of Wizardry

   Spells                             Type                      Level
   Agony                              Necromancy                   5
   Force Lance                        Conjuration                  5
   Dispersal                          Translocation                6
   Haste                              Charms                       6
   Invisibility                       Hexes                        6
   Spellforged Servitor               Conjuration/Summoning        7


   Skills:
 + Level 1.6 Fighting
 + Level 1.8 Dodging
 * Level 3.3 Unarmed Combat
 + Level 2.2 Spellcasting
 + Level 2.3 Transmutations


You had 5 spell levels left.
You knew the following spells:

 Your Spells              Type           Power        Failure   Level  Hunger
a - Beastly Appendage     Trmt           #.....       12%         1    ##.....


Dungeon Overview and Level Annotations

Branches:
Dungeon (3/15)

Altars:
Zin


Innate Abilities, Weirdness & Mutations

You cannot wear boots.
You can spit poison.
Your serpentine skin is tough (AC +1).
You have supernaturally acute eyesight.
Armour fits poorly on your strangely shaped body.
Your system is resistant to poisons.
You cover ground very slowly.


Message History

The adder is moderately wounded.
You feel slightly more hungry. The adder bites you.
* * * LOW HITPOINT WARNING * * *
The adder barely misses you.
You barely miss the adder. You punch the adder.
The adder is severely wounded.
You hit the adder but do no damage.
The adder is severely wounded.
You kill the adder!
You have reached level 3!
Your experience leads to an increase in your attributes!
Increase (S)trength, (I)ntelligence, or (D)exterity?
You feel agile.
Your skin feels tougher.
You see here an adder corpse.
You have got your breath back.
The orc throws a tomahawk.
The tomahawk hits you.
* * * LOW HITPOINT WARNING * * *
You see here a tomahawk.
The orc hits you with a hand axe.
You die...

# ..# ###########.#
#.#..#....#.#
#....#.##.#.# ###
#.#....(%.#.#...
#....#@####.#.####
#.####.#o............
#.o...........#.####
#############.#
#.######
#######.#......
#.........#
#.........+
#.........###


You could see an orc.

Vanquished Creatures
  2 adders
  A worm (D:2)
  4 hobgoblins
  2 bats (D:2)
9 creatures vanquished.

Notes
Turn   | Place    | Note
--------------------------------------------------------------
     0 | D:1      | 4tharraofdagon, the Naga Transmuter, began the quest for the Orb.
     0 | D:1      | Reached XP level 1. HP: 18/18 MP: 3/3
   132 | D:2      | Found a glowing silver altar of Zin.
   172 | D:2      | Reached XP level 2. HP: 25/25 MP: 4/4
   286 | D:3      | Reached XP level 3. HP: 4/31 MP: 6/6
   288 | D:3      | HP: 1/31 [orc/ tomahawk (3)]
   289 | D:3      | Slain by an orc

Action                   || total
-------------------------++-------
Melee: Unarmed           ||    28
 Abil: Spit Poison       ||    12
Evoke: Wand              ||     2
  Use: Potion            ||     2

Vault maps used:
D:1:      dpeg_arrival_boxes_within_box, evilmike_ruin_ashenzari
D:2:      lemuel_round_altar, first_bread, st_stairs_7,
          grunt_dithmenos_smoke_and_mirrors, uniq_jessica
